 Dungeon Crawl Stone Soup version 0.31-a0-354-g827e0957a7 (webtiles) character file.

Game seed: 9101362762876752690

7795 AdnanSaban the Basher (level 11, -2/67 HPs)
             Began as a Gargoyle Fighter on July 24, 2023.
             Was an Elder of Okawaru.
             Slain by a sun demon (12 damage)
             ... summoned by a kobold demonologist
             ... on level 9 of the Dungeon.
             The game lasted 00:18:03 (11232 turns).

AdnanSaban the Basher (Gargoyle Fighter)           Turns: 11232, Time: 00:18:04

Health: -2/67      AC: 22    Str: 25    XL:     11   Next: 20%
Magic:  11/11      EV:  7    Int:  8    God:    Okawaru [****..]
Gold:   549        SH: 11    Dex: 15    Spells: 10/10 levels left

rFire   . . .        l - +2 flail (holy)
rCold   . . .        C - +0 kite shield
rNeg    + . .        t - +0 plate armour
rPois   ∞            j - +0 helmet
rElec   +            z - +1 cloak
rCorr   +            (no gloves)
SInv    .            (no boots)
Will    .....        (no amulet) Stlth
                     k - +6 ring of dexterity
HPRegen 0.31/turn    N - ring of resist corrosion
MPRegen 0.12/turn

%: no passive effects
@: spiked, corroded
A: sickness immunity, AC +8, negative energy resistance 1, electricity
resistance, torment resistance 1, petrification resistance
a: Renounce Religion, Heroism, Finesse


You were on level 9 of the Dungeon.
You worshipped Okawaru.
Okawaru was greatly pleased with you.
You visited 1 branch of the dungeon, and saw 10 of its levels.

You collected 549 gold pieces.

Inventory:

Hand Weapons
 l - a +2 flail of holy wrath (weapon)
Missiles
 h - 5 boomerangs of dispersal
 u - 41 poisoned darts (quivered)
 w - 2 throwing nets
 P - a curare-tipped dart
 Q - an atropa-tipped dart
Armour
 j - a +0 helmet (worn)
 t - a +0 plate armour (worn)
 z - a +1 cloak (worn)
 C - a +0 kite shield (worn)
Jewellery
 c - a ring of wizardry
 k - a +6 ring of dexterity (left hand)
 n - a +6 ring of intelligence
 J - a ring of flight
 N - a ring of resist corrosion (right hand)
Wands
 b - a wand of mindburst (10)
 x - a wand of digging (18)
 A - a wand of flame (21)
 G - a wand of light (12)
Scrolls
 a - 3 scrolls of amnesia {unknown}
 f - 11 scrolls of teleportation {unknown}
 g - 14 scrolls of identify {unknown}
 i - 7 scrolls of blinking {unknown}
 p - 2 scrolls of noise {unknown}
 q - 3 scrolls of enchant armour {unknown}
 r - 3 scrolls of enchant weapon {unknown}
 v - 4 scrolls of fog {unknown}
 y - a scroll of silence {unknown}
 D - a scroll of poison {unknown}
 E - a scroll of torment {unknown}
 F - a scroll of fear {unknown}
 H - a scroll of brand weapon {unknown}
 M - 2 scrolls of immolation {unknown}
 O - a scroll of summoning {unknown}
Potions
 d - 2 potions of might
 e - 7 potions of mutation {unknown}
 m - a potion of enlightenment {unknown}
 o - 3 potions of lignification {unknown}
 s - 4 potions of brilliance {unknown}
 B - a potion of resistance {unknown}
 I - 3 potions of curing {unknown}
 K - 3 potions of heal wounds {unknown}
 L - a potion of magic {unknown}


   Skills:
 + Level 7.5 Fighting
 + Level 10.8 Maces & Flails
 + Level 1.5 Throwing
 + Level 9.2 Armour
 + Level 2.1 Dodging
 + Level 9.6 Shields
 + Level 0.1 Invocations


You had 10 spell levels left.
You didn't know any spells.
Your spell library contained the following spells:

 Spells                   Type           Power      Damage    Failure   Level
 Kiss of Death            Conj/Necr      0%         2d5       100%        1
 Ensorcelled Hibernation  Hex/Ice        0%         N/A       100%        2
 Passwall                 Tmut/Erth      0%         N/A       100%        2
 Scorch                   Fire           0%         2d5       100%        2
 Confusing Touch          Hex            0%         N/A       100%        3
 Mephitic Cloud           Conj/Pois/Air  0%         N/A       100%        3
 Ozocubu's Armour         Ice            0%         N/A       100%        3
 Swiftness                Air            0%         N/A       100%        3
 Dispel Undead            Necr           0%         3d6       100%        4
 Olgreb's Toxic Radiance  Pois           0%         N/A       100%        4
 Metabolic Englaciation   Hex/Ice        0%         N/A       100%        5
 Eringya's Noxious Bog    Tmut/Pois      0%         4d6       100%        6
 Summon Small Mammal      Summ           Unusable   N/A       N/A         1
 Call Canine Familiar     Summ           Unusable   N/A       N/A         3
 Summon Guardian Golem    Hex/Summ       Unusable   N/A       N/A         3
 Simulacrum               Ice/Necr       Unusable   N/A       N/A         6

Dungeon Overview and Level Annotations

Branches:
Dungeon (10/15)            Temple (0/1) D:6            Lair (0/5) D:8
    Orc (0/2) D:10

Altars:
Cheibriados
Dithmenos
Fedhas
Gozag
Hepliaklqana
Makhleb
Nemelex Xobeh
Okawaru
Sif Muna
Trog
Uskayaw
Wu Jian
Xom

Shops:
D:3 ?   D:6 [

Annotations:
D:7 1 runed translucent door, bmuutr's ghost, novice DjCA
D:8 exclusion: ice statue


Innate Abilities, Weirdness & Mutations

You are immune to sickness and miasma.
Your stone body is resilient. (AC +8)
You are immune to poison.
You resist negative energy. (rN+)
You are resistant to electric shocks. (rElec)
You are resistant to unholy torment.
You are immune to petrification.


Message History

The kobold demonologist is heavily wounded.
The kobold demonologist hits you but does no damage.
The red devil hits you with a +0 demon trident!
Barbed spikes become lodged in your body.
You block the rust devil's attack.
You barely miss the kobold demonologist.
The kobold demonologist is heavily wounded.
The kobold demonologist mumbles some strange words.
The red devil hits you but does no damage.
The rust devil hits you.
You hit the kobold demonologist.
The kobold demonologist is heavily wounded.
You block the kobold demonologist's attack.
You block the red devil's attack. The rust devil hits you.
You hit the kobold demonologist but do no damage.
The kobold demonologist is heavily wounded.
The kobold demonologist gestures wildly while chanting.
The red devil hits you with a +0 demon trident.
Barbed spikes become lodged in your body.
You block the rust devil's attack.
You closely miss the kobold demonologist.
The kobold demonologist is heavily wounded.
The kobold demonologist hits you with a +0 dagger.
The red devil hits you but does no damage.
You closely miss the kobold demonologist.
The kobold demonologist is heavily wounded.
You block the kobold demonologist's attack.
The red devil barely misses you.
You hit the kobold demonologist but do no damage.
The kobold demonologist is heavily wounded.
You block the sun demon's attack.
The kobold demonologist looks braver for a moment.
The red devil hits you with a +0 demon trident!
Barbed spikes become lodged in your body.
You barely miss the kobold demonologist.
The kobold demonologist is heavily wounded.
The sun demon hits you!
* * * LOW HITPOINT WARNING * * *
You are engulfed in flames!
You die...

### #.##############
#..............#
############.############.# #
#.............# #.....#.## #
#.##########55### #.###.#..# #
#.# #435.###.###.#.## #.#
#@K4.....#.....# #.#
#.##.........#.##
#####.##########...............#
...............)>.#.###.#.###.##
#####...............#..........#
#########..........#.#.##..##
####..................#.#.##..#
.....)######.###..#...#.#.##..#
####..##..........#...#...##..##


You could see a sun demon (summoned), a rust devil (summoned), a kobold
demonologist, a red devil (summoned), 2 quasits and an ufetubus (summoned).

Vanquished Creatures
  3 kobold demonologists
  An unseen horror (D:8)
  3 trolls
  Prince Ribbit (D:8)
  A hornet (D:9)
  A wraith (D:9)
  2 wyverns (D:9)
  A steam dragon (D:8)
  Grum (D:8)
  A warg (D:10)
  A water moccasin (D:7)
  7 orc warriors
  2 ice beasts (D:7)
  2 sky beasts (D:7)
  2 black bears
  A centaur (D:6)
  4 wolves
  2 phantoms (D:5)
  4 kobold brigands
  2 bullfrogs
  A gnoll sergeant (D:10)
  A scorpion (D:4)
  15 wights
  3 killer bees (D:9)
  7 howler monkeys
  3 electric eels (D:8)
  2 jellies
  5 orc priests
  3 gnoll boudas
  8 hounds
  2 sleepcaps
  Ijyb (D:3)
  An iguana (D:6)
  8 orc wizards
  Robin (D:4)
  23 gnolls
  7 adders
  2 white imps
  4 worms
  4 dart slugs
  27 orcs
  6 endoplasms
  A giant cockroach (D:2)
  18 goblins
  13 hobgoblins
  3 jackals (D:1)
  30 kobolds
  5 quokkas
  5 ball pythons
  2 bats
  5 frilled lizards
  4 rats
262 creatures vanquished.

Vanquished Creatures (others)
  An ufetubus (D:8)
1 creature vanquished.

Grand Total: 263 creatures vanquished

Notes
Turn   | Place    | Note
-------+----------+-------------------------------------------
     0 | D:1      | AdnanSaban the Gargoyle Fighter began the quest for the
                  | Orb.
     0 | D:1      | Reached XP level 1. HP: 14/14 MP: 1/1
   133 | D:1      | Reached XP level 2. HP: 19/19 MP: 2/2
   444 | D:1      | Reached XP level 3. HP: 19/23 MP: 3/3
   721 | D:2      | Found a faded altar of an unknown god.
   840 | D:2      | Reached XP level 4. HP: 22/28 MP: 4/4
  1057 | D:2      | Found a bloodstained altar of Trog.
  1160 | D:2      | Reached skill level 3 in Maces & Flails
  1683 | D:3      | Noticed Ijyb
  1696 | D:3      | Killed Ijyb
  1697 | D:3      | Reached XP level 5. HP: 22/33 MP: 5/5
  1829 | D:3      | Found Xymnakk's Magic Scroll Boutique.
  2300 | D:4      | Reached skill level 4 in Maces & Flails
  2308 | D:4      | Noticed Robin
  2482 | D:4      | Reached XP level 6. HP: 38/38 MP: 6/6
  2583 | D:4      | Killed Robin
  2722 | D:4      | Found a bloodstained altar of Trog.
  3300 | D:5      | Entered Level 5 of the Dungeon
  3373 | D:5      | Got the Vellum of the Viridian Blaze
  3400 | D:5      | Found a blossoming altar of Fedhas.
  3411 | D:5      | Found a burning altar of Makhleb.
  3450 | D:5      | Reached skill level 5 in Maces & Flails
  3450 | D:5      | Reached XP level 7. HP: 44/44 MP: 7/7
  3484 | D:5      | Reached skill level 5 in Armour
  3731 | D:5      | Found a snail-covered altar of Cheibriados.
  3745 | D:5      | Reached skill level 5 in Fighting
  3749 | D:5      | Reached skill level 6 in Maces & Flails
  3766 | D:5      | Reached XP level 8. HP: 21/49 MP: 8/8
  4245 | D:6      | Reached skill level 5 in Shields
  4550 | D:6      | Found an iron altar of Okawaru.
  4587 | D:6      | Became a worshipper of Warmaster Okawaru
  4824 | D:6      | Found a staircase to the Ecumenical Temple.
  4918 | D:6      | Found Oses's Antique Armour Shop.
  5047 | D:7      | Noticed bmuutr's ghost (novice DjCA)
  5047 | D:7      | Found a runed translucent door.
  5073 | D:7      | Reached skill level 7 in Maces & Flails
  5327 | D:7      | Reached XP level 9. HP: 53/55 MP: 9/9
  5463 | D:7      | Found a hazy altar of Hepliaklqana.
  5477 | D:7      | Reached skill level 1 in Dodging
  5499 | D:7      | Found a shimmering blue altar of Sif Muna.
  5995 | D:7      | Reached * piety under Okawaru
  5996 | D:7      | Reached skill level 8 in Maces & Flails
  5996 | D:7      | Reached skill level 1 in Throwing
  6638 | D:8      | Noticed Prince Ribbit
  6642 | D:8      | Noticed an ice devil
  6648 | D:8      | Killed Prince Ribbit
  6648 | D:8      | Reached ** piety under Okawaru
  6652 | D:8      | Noticed an ice statue
  6653 | D:8      | Noticed an ice devil
  6653 | D:8      | Noticed an ice devil
  6653 | D:8      | Noticed an ice devil
  6654 | D:8      | Noticed an ice devil
  6664 | D:8      | Noticed an ice devil
  6682 | D:7      | Reached skill level 9 in Maces & Flails
  6885 | D:8      | Noticed a troll
  6938 | D:8      | Reached XP level 10. HP: 60/61 MP: 10/10
  7369 | D:8      | Found a staircase to the Lair.
  7384 | D:8      | Reached *** piety under Okawaru
  7607 | D:8      | Noticed Grum
  7854 | D:8      | Killed Grum
  7855 | D:8      | Reached skill level 10 in Maces & Flails
  8041 | D:8      | Found an opulent altar of Gozag.
  8044 | D:8      | Found a shadowy altar of Dithmenos.
  8047 | D:8      | Found a shimmering altar of Xom.
  8048 | D:8      | Found a sparkling altar of Nemelex Xobeh.
  8048 | D:8      | Found an ornate altar of the Wu Jian Council.
  8145 | D:9      | Identified the +1 leather armour of Sekoid {Rampage Drain
                  | rPois}
  8151 | D:9      | Found a hide-covered altar of Uskayaw.
  8447 | D:8      | Killed an unseen horror
  9506 | D:10     | Entered Level 10 of the Dungeon
  9894 | D:10     | Reached **** piety under Okawaru
  9894 | D:10     | Received a gift from Okawaru
 10266 | D:10     | Found a staircase to the Orcish Mines.
 10567 | D:9      | Reached XP level 11. HP: 8/67 MP: 11/11
 10924 | D:10     | Noticed a soul eater
 11120 | D:10     | Noticed a sixfirhy
 11227 | D:9      | Noticed a sun demon
 11232 | D:9      | Slain by a sun demon

Illustrated notes

Levels and vault maps discovered:
D:1:      dpeg_arrival_three_same_balls, layout_basic
D:2:      layout_basic, basic_altar, chequers_ecumenical_altar_twisty
D:3:      layout_rooms, serial_shops, nicolae_shop_window_shopping,
          serial_park_tiny_2, uniq_ijyb
D:4:      layout_loops_corners, mainiacjoe_overflow_surrounded_room,
          serial_glass, glass_columns_b, glass_columns_a, glass_columns_b,
          glass_columns_b, glass_columns_a, glass_columns_b, glass_columns_a,
          glass_columns_a, uniq_robin
D:5:      layout_loops_ring, mainiacjoe_overflow_big_doors,
          mainiacjoe_overflow_small_starburst
D:6:      layout_loops_ring, mainiacjoe_overflow_cross_hatched, temple_statues,
          serial_glass, glass_columns_a, glass_columns_b, feat_on_display,
          due_unseen_surprise, serial_shops, nicolae_shop_pleasant_corner_grove,
          chequers_avenue, minivault_26
D:7:      layout_layer_cave, led_sif_book, mainiacjoe_overflow_chevrons,
          hellmonk_ghost_happy_afterlife
D:8:      cheibrodos_frozen_isle, layout_basic, minitemple, erik_lair_island,
          uniq_prince_ribbit1, uniq_grum
D:9:      layout_basic, lemuel_crystal_altar
D:10:     minmay_gate_of_8, layout_loops_ring, david_orc_3, grunt_ministairs_8

Skill      XL: |  1  2  3  4  5  6  7  8  9 10 11 |
---------------+----------------------------------+-----
Shields        | 4 6 7 9 |  9.6
Armour         | 4 5 6 7 8 9 |  9.2
Maces & Flails | 3 4 5 6 7 9 10 | 10.8
Fighting       | 4 5 6 7 |  7.5
Dodging        | 1 2 |  2.1
Throwing       | 1 |  1.5
Invocations    | |  0.1

Action                     |  1- 3 |  4- 6 |  7- 9 | 10-12 || total
---------------------------+-------+-------+-------+-------++-------
  Melee: Flail             |   104 |   244 |   346 |   409 ||  1103
  Throw: Stone             |     1 |       |       |       ||     1
         Dart              |       |       |    12 |     3 ||    15
 Invoke: Heroism           |       |       |       |     1 ||     1
 Armour: Scale mail        |    62 |    27 |       |       ||    89
         Plate armour      |       |   156 |   307 |   330 ||   793
  Dodge: Dodged            |    60 |    75 |   109 |   134 ||   378
  Block: Buckler           |    29 |    71 |    33 |       ||   133
         Kite shield       |       |       |   155 |   308 ||   463

Table legend: (Time is in decaauts)
 A = Elapsed time spent in this place.
 B = Non-inter-level travel time spent in this place.
 C = Inter-level travel time spent in this place.
 D = Time resting spent in this place.
 E = Time spent auto-exploring this place.
 F = Levels seen in this place.
 G = Mean time per level.
                   A        B        C        D        E       F      G
               +--------+--------+--------+--------+--------+-----+--------+
         Total |  11374 |  11037 |    337 |   1484 |   7026 |  10 | 1137.4 |
       Dungeon |  11374 |  11037 |    337 |   1484 |   7026 |  10 | 1137.4 |
               +--------+--------+--------+--------+--------+-----+--------+

Top non-repeatable levels by time:
     D:9: 1829 daAuts
     D:8: 1770 daAuts
     D:7: 1671 daAuts
     D:4: 1397 daAuts
    D:10: 941 daAuts
     D:6: 857 daAuts
     D:2: 818 daAuts
     D:1: 795 daAuts
     D:5: 769 daAuts
     D:3: 524 daAuts
